 Dungeon Crawl Stone Soup version 0.31.0-32-g396128a36d (webtiles) character file.

Game seed: 16852074058610262487

267 Nuwings the Slasher (level 6, -2/5 HPs)
             Began as a Minotaur Berserker on Apr 7, 2024.
             Was a Priest of Trog.
             Slain by a spectral scorpion (4 damage)
             ... in an ossuary.
             The game lasted 00:13:38 (1844 turns).

Nuwings the Slasher (Minotaur Berserker)            Turns: 1844, Time: 00:13:38

Health: -2/5       AC:  0    Str: 24    XL:     6   Next: 0%
Magic:  5/5        EV: 11    Int:  4    God:    Trog [***...]
Gold:   87         SH:  0    Dex:  9    Spells: 5/5 levels left

rFire   . . .        b - melded +0 falchion (protect)
rCold   . . .        (shield currently unavailable)
rNeg    . . .        c - +0 ring mail
rPois   .            (helmet restricted)
rElec   .            (no cloak)
rCorr   .            (gloves currently unavailable)
SInv    .            (no boots)
Will    .....        (no amulet) Stlth
                     (no ring)
HPRegen 0.20/turn    (no ring)
MPRegen 0.09/turn

%: no passive effects
@: blade hands
A: reduced hp, horns 2, retaliatory headbutt
a: Begin Untransformation, Renounce Religion, Berserk, Trog's Hand


You were in an ossuary.
You worshipped Trog.
Trog was most pleased with you.
You had blades for hands.
You visited 1 branch of the dungeon, and saw 4 of its levels.
You also visited: Ossuary.

You collected 87 gold pieces.

Inventory:

Hand Weapons
 b - a +0 falchion of protection (melded)
 f - a +2 dagger of protection
Armour
 c - a +0 ring mail (worn)
Magical Staves
 d - a staff of fire
Talismans
 e - a blade talisman (active)
Scrolls
 a - a scroll of teleportation
 g - a scroll of blinking


   Skills:
 + Level 4.8 Fighting
 + Level 6.0 Long Blades
 + Level 4.1 Armour
 + Level 3.3 Dodging


You had 5 spell levels left.
You didn't know any spells.
Your spell library contained the following spells:

 Spells                   Type           Power      Damage    Failure   Level
 Call Canine Familiar     Summ           0%         N/A       95%         3
 Inner Flame              Hex/Fire       0%         N/A       95%         3
 Sigil of Binding         Hex            0%         N/A       95%         3
 Dimensional Bullseye     Hex/Tloc       0%         N/A       100%        4
 Irradiate                Conj/Alch      0%         3d11      100%        5
 Ignition                 Fire           0%         3d3       100%        8


Dungeon Overview and Level Annotations

Branches:
Dungeon (4/15)            Ossuary (1/1)
 Temple: D:4-7

Altars:


Innate Abilities, Weirdness & Mutations

You have blades for hands.
Your maximum health is decreased, since you lack skill for your form.
You are incapable of wielding weapons or throwing items.
You have a pair of horns on your head.
You reflexively headbutt those who attack you in melee.


Message History

You open the door.
An orc zombie and a jackal zombie come into view.
Found a gate leading back out of this place.
The jackal zombie barely misses you. You furiously retaliate!
You headbutt the jackal zombie!
You destroy the jackal zombie!
Trog accepts your kill.
You have reached level 6!
Unknown command.
You hit the orc zombie.
You headbutt the orc zombie, but do no damage.
The orc zombie is heavily damaged.
You hit the orc zombie. You headbutt the orc zombie.
You destroy the orc zombie!
Trog accepts your kill.
There is an open door here.
There is a gate leading back out of this place here.
You open the door.
There is an open door here.
You open the door.
An orc zombie, a spectral scorpion and 3 gnoll zombies come into view.
You hit the orc zombie.
The orc zombie is heavily damaged.
The orc zombie closely misses you. You furiously retaliate!
You headbutt the orc zombie.
You destroy the orc zombie!
Trog accepts your kill.
You hit the spectral scorpion.
Your headbutt misses the spectral scorpion.
The spectral scorpion is lightly damaged.
The spectral scorpion hits you.
Ouch! That really hurt!
* * * LOW HITPOINT WARNING * * *
The spectral scorpion barely misses you.
You hit the spectral scorpion but do no damage.
You headbutt the spectral scorpion, but do no damage.
The spectral scorpion is lightly damaged.
The spectral scorpion hits you.
Ouch! That really hurt!
You die...

#∩..#...#!?!!#
#...'.∩.#?)??+
#...#...#??!!#
#...##### ####
#...# #'###
#...# #...#
#@..# #Z..#
##Z##


.ZZ #...# #...# #...# ###+# You could see a spectral scorpion and 3 gnoll
zombies.

Vanquished Creatures
  Natasha (thrice) (D:2)
  Terence (D:2)
  3 gnolls (D:2)
  6 adders
  A dart slug (D:1)
  A ribbon worm (D:2)
  5 orcs (D:3)
  8 ball pythons
  6 endoplasms
  7 goblins
  7 hobgoblins
  6 jackals
  4 quokkas
  5 bats
  5 frilled lizards
  A jackal zombie (Ossuary)
  4 kobolds
  2 orc zombies (Ossuary)
  4 rats
79 creatures vanquished.

Notes
Turn   | Place    | Note
-------+----------+-------------------------------------------
     0 | D:1      | Nuwings the Minotaur Berserker began the quest for the Orb.
     0 | D:1      | Reached XP level 1. HP: 19/19 MP: 0/0
   230 | D:1      | Reached skill level 4 in Long Blades
   230 | D:1      | Reached XP level 2. HP: 27/27 MP: 1/1
   375 | D:1      | Found a faded altar of an unknown god.
   521 | D:1      | Reached XP level 3. HP: 31/33 MP: 2/2
   587 | D:2      | Reached ** piety under Trog
   704 | D:2      | Noticed Natasha
   719 | D:2      | Killed Natasha
   812 | D:2      | Reached XP level 4. HP: 37/41 MP: 3/3
  1138 | D:2      | Noticed Terence
  1158 | D:2      | Killed Terence
  1159 | D:2      | Reached skill level 5 in Long Blades
  1159 | D:2      | Reached XP level 5. HP: 13/47 MP: 4/4
  1268 | D:2      | Noticed Natasha
  1280 | D:2      | Killed Natasha
  1384 | D:2      | Noticed Natasha
  1398 | D:2      | Killed Natasha
  1626 | D:3      | Reached skill level 6 in Long Blades
  1641 | D:3      | Reached *** piety under Trog
  1810 | D:4      | Found a sand-covered staircase.
  1817 | Ossuary  | Entered an ossuary
  1823 | Ossuary  | Reached XP level 6. HP: 5/55 MP: 5/5
  1844 | Ossuary  | Slain by a spectral scorpion

Illustrated notes

Levels and vault maps discovered:
D:1:      kennysheep_arrival_seaside, layout_basic,
          shapermc_ecumenical_altar_gd, corexii_leaking_fountain, nrook_uturn,
          st_stairs_5
D:2:      layout_rooms, minivault_24, uniq_terence, uniq_natasha
D:3:      layout_loops_cross
D:4:      layout_loops_corners, mainiacjoe_overflow_boulevard,
          gup_sewer_entry_bowl, enter_ossuary_1, minmay_manual_mandibuliform,
          uniq_pikel
Ossuary:  ossuary_tomb_2

Skill      XL: |  1  2  3  4  5 |
---------------+----------------+-----
Long Blades    | 4 5 6 |  6.0
Fighting       | 4 |  4.8
Armour         | 3 4 |  4.1
Dodging        | 3 |  3.3

Action                     |  1- 3 |  4- 6 || total
---------------------------+-------+-------++-------
  Melee: Falchion          |    76 |   145 ||   221
         Headbutt          |    11 |    17 ||    28
         Punch             |     1 |     1 ||     2
         Unarmed           |       |     5 ||     5
    Use: Scroll            |       |     2 ||     2
 Armour: Animal skin       |     4 |       ||     4
         Ring mail         |    42 |    94 ||   136
  Dodge: Dodged            |    59 |    92 ||   151
   Form: Blade             |       |     1 ||     1
